 Dungeon Crawl Stone Soup version 0.30.1-9-gdf580d7c3d (webtiles) character file.

Game seed: 3811040892562994643

44 Nonny the Charlatan (level 3, -1/20 HPs)
             Began as a Tengu Artificer on Oct 15, 2023.
             Succumbed to a kobold's poison
             ... on level 2 of the Dungeon.
             The game lasted 00:06:26 (826 turns).

Nonny the Charlatan (Tengu Artificer)                Turns: 826, Time: 00:06:27

Health: -1/20      AC:  5    Str:  9 (12) XL:     3   Next: 60%
Magic:  4/4        EV: 10    Int:  8 (11) God:
Gold:   131        SH:  0    Dex: 13 (16) Spells: 2/2 levels left

rFire   . . .        j - +0 whip
rCold   . . .        (no shield)
rNeg    . . .        g - +0 ring mail
rPois   .            (helmet restricted)
rElec   .            (no cloak)
rCorr   .            (no gloves)
SInv    .            (boots unavailable)
Will    .....        (no amulet)
Stlth   +            (no ring)
HPRegen 0.23/turn    (no ring)
MPRegen 0.09/turn

%: no passive effects
@: lethally poisoned (-1 -> -7)
A: beak, talons 3
a: no special abilities


You were on level 2 of the Dungeon.
You visited 1 branch of the dungeon, and saw 2 of its levels.

You collected 131 gold pieces.

Inventory:

Hand Weapons
 b - a +1 dagger of venom
 j - a +0 whip (weapon)
Armour
 g - a +0 ring mail (worn)
Wands
 c - a wand of flame (6) (quivered)
 d - a wand of charming (15)
 e - a wand of iceblast (5)


   Skills:
 + Level 1.6 Fighting
 + Level 2.7 Armour
 + Level 1.9 Dodging
 - Level 1.0 Stealth
 - Level 3.6 Evocations


You had 2 spell levels left.
You didn't know any spells.
Your spell library contained the following spells:

 Spells                   Type           Power      Damage    Failure   Level
 Olgreb's Toxic Radiance  Pois           0%         N/A       100%        4
 Discord                  Hex            0%         N/A       100%        8
 Ignition                 Fire           0%         3d3       100%        8


Dungeon Overview and Level Annotations

Branches:
Dungeon (2/15)

Altars:


Innate Abilities, Weirdness & Mutations

You have a beak for a mouth.
You have claws for feet.


Message History

The worm is almost dead.
You hit the worm but do no damage. You claw the worm.
You kill the worm!
You see here a worm corpse.
Found 5 stones.
A kobold comes into view. It is wielding a +1 dagger of venom.
The kobold shouts!
You see here 5 stones.
Aiming: Throw Flame
Press: ? - help, Shift-Dir - straight line, f - kobold
Aim: a kobold, wielding a +1 dagger of venom (64% to hit)
The puff of flame hits the kobold.
The kobold is moderately wounded.
You miss the kobold.
The kobold is moderately wounded.
The kobold hits you but does no damage.
You are poisoned.
You barely miss the kobold.
The kobold is moderately wounded.
You feel very sick.
The kobold hits you with a +1 dagger of venom.
You are lethally poisoned!
You hit the kobold.
You kill the kobold!
You feel very sick.
* * * LOW HITPOINT WARNING * * *
You feel very sick.
You see here a +1 dagger of venom.
b - a +1 dagger of venom
* * * LOW HITPOINT WARNING * * *
You feel very sick.
It was a potion of magic.
Magic courses through your body.
* * * LOW HITPOINT WARNING * * *
You feel sick.
Enter note: inky potion - magic You aren't carrying any scrolls.
It was a potion of degeneration.
There was something very wrong with that liquid.
You feel weakened.
You feel dopey.
You feel clumsy.
You die...

#########*
#........*********
#.#*****,,,,,,,,,,
#.# ***********
########### #@#
#.....†...######.#
#.#######.......(#
#.# #######..# #.#
#..#***************
#.#
#....,,,,,,,,,,,,,,
#.#
##.###****,,,******
#.# #.#* *,,,* *
#.#
*****#..******,,,*
*


There were no monsters in sight!

Vanquished Creatures
  A worm (D:2)
  A dart slug (D:1)
  3 endoplasms (D:1)
  2 giant cockroaches (D:1)
  3 goblins (D:1)
  4 hobgoblins (D:1)
  9 jackals (D:1)
  A quokka (D:1)
  2 bats (D:1)
  A frilled lizard (D:1)
  3 kobolds
  2 rats (D:1)
32 creatures vanquished.

Notes
Turn   | Place    | Note
-------+----------+-------------------------------------------
     0 | D:1      | Nonny the Tengu Artificer began the quest for the Orb.
     0 | D:1      | Reached XP level 1. HP: 12/12 MP: 2/2
    14 | D:1      | Starting vault: waterlogged to fountains.
   113 | D:1      | Reached XP level 2. HP: 7/16 MP: 3/3
   354 | D:1      | Reached XP level 3. HP: 11/20 MP: 4/4
   546 | D:1      | Unrestrained Analects: Olgreb's Toxic Radiance, Ignition,
                  | and Discord
   783 | D:2      | UPRUFA RI MIBU - blinking
   784 | D:2      | FOUDER QYNKO - noise
   785 | D:2      | ZAJYLU XIBU - magic mapping
   825 | D:2      | HP: 1/20 [poisoned by a kobold]
   826 | D:2      | inky potion - magic
   826 | D:2      | Succumbed to a kobold's poison

Illustrated notes #≈≈≈~~≈~~~≈≈≈≈# #≈≈≈~~~~≈~≈≈≈≈# #≈≈~~~≈~≈~~≈≈≈# #≈≈≈~≈~~~~~≈≈≈# #≈~~~≈≈~≈~~≈≈≈# #≈≈~~≈≈~≈≈~~~≈# #≈≈~≈≈≈~≈~~~≈≈# #≈≈~≈~≈~~~≈~≈~# #......@......# #.8.⌠⌠⌠(⌠⌠⌠.8.# #.............# ###+###+###+### Turn 14 on D:1: Starting vault: waterlogged to fountains.

######################
.....................#
.....................###
........................
........................
.....................#
.....................#
................@....#
.............#+#.#.....$
.................. .....
.................#. ####
.............#..##.#
.............#... #
.................
.##.............#
.##........#.##..


Turn 546 on D:1: Unrestrained Analects: Olgreb's Toxic Radiance, Ignition, and
Discord #.# #.# #.# #.# #.# #.# #.# #@####### #.......# #....##.# ..
#.##§##.###..# #.##.........# #.#####.#.##.# #.###.....# #.......#.#
#####.###... Turn 783 on D:2: UPRUFA RI MIBU - blinking #.# #.# #.# #.# #.# #.#
#.# #@####### #.......# #....##.# .. #.##<##.###..# #.##.........#
#.#####.#.##.# #.###.....# #.......#.# #####.###... Turn 784 on D:2: FOUDER
QYNKO - noise *,,,,,,,,,******,* #.#******,,,,,,,,* #.# *******,,* #.# *,,* #.#
*,,, #.# **,* #.# *,* #.# ******,, #@####### *,,,,,,, #.......# *,*****,
#....##.# *,*..,*, #.##<##.###..#**,, #.##.........# *,, #.#####.#.##.#**,,
#.###.....#**,,,,, #.......#.#**,,,,, #####.###...,,,*,* Turn 785 on D:2: ZAJYLU
XIBU - magic mapping #########* #........********* #.#*****,,,,,,,,,, #.#
*********** ########### #@# #.....†...######.# #.#######.......(# #.# #######..#
#.# #..#*************** #.# #....,,,,,,,,,,,,,, #.# ##.###****,,,****** #.# #.#*
*,,,* * #.# *****#..******,,,* * Turn 826 on D:2: inky potion - magic

Levels and vault maps discovered:
D:1:      zaba_arrival_water, layout_basic
D:2:      minmay_wonky_spiral, layout_loops_ring

Action                     || total
---------------------------++-------
  Melee: Unarmed           ||    82
         Kick              ||    32
         Peck              ||    16
         Dagger            ||    15
         Whip              ||     8
  Evoke: Wand              ||     9
    Use: Scroll            ||     3
         Potion            ||     2
 Armour: Leather armour    ||    31
         Ring mail         ||     7
  Dodge: Dodged            ||    75
